 Dungeon Crawl Stone Soup version 0.22-a0-42-g002c468 (webtiles) character file.

124 Lanoc the Slasher (level 5, -5/47 HPs)
             Began as a Gnoll Chaos Knight on Jan 5, 2018.
             Slain by a worker ant (12 damage)
             ... on level 3 of the Dungeon.
             The game lasted 00:04:08 (1767 turns).

Lanoc the Slasher (Gnoll Chaos Knight)              Turns: 1767, Time: 00:04:08

Health: -5/47      AC:  5    Str: 15    XL:     5   Next: 8%
Magic:  6/6        EV: 12    Int: 14    God:    Xom [....*.]
Gold:   101        SH:  0    Dex: 15    Spells: 6/6 levels left

rFire    . . .     SeeInvis .   a - +0 falchion (chaos)
rCold    . . .     Gourm    .   (no shield)
rNeg     . . .     Faith    .   m - +2 animal skin
rPois    .         Spirit   .   n - +0 helmet
rElec    .         Reflect  .   (no cloak)
rCorr    .         Harm     .   (no gloves)
MR       .....                  (no boots)
Stlth    ++........             (no amulet)
HPRegen  0.15/turn              (no ring)
MPRegen  0.10/turn              (no ring)

@: drained
A: distributed training, fangs 1, strong nose
a: Renounce Religion


You were on level 3 of the Dungeon.
You worshipped Xom.
You were a beloved toy of Xom.
You were not hungry.

You visited 1 branch of the dungeon, and saw 3 of its levels.

You collected 101 gold pieces.

Inventory:

Hand Weapons
 a - a +0 falchion of chaos (weapon)
 l - a +5 club
Missiles
 h - 31 bolts
Armour
 m - a +2 animal skin (worn)
 n - a +0 helmet (worn)
Scrolls
 e - a scroll of amnesia
 g - a scroll of blinking {unknown}
 i - 2 scrolls of magic mapping
 j - a scroll of fog {unknown}
 k - a scroll of remove curse {unknown}
Potions
 d - a potion of agility
 f - 2 potions of curing
 o - a potion of cancellation {unknown}
Comestibles
 c - 6 rations
 p - 2 chunks of flesh


   Skills:
 + Level 6.6(5.7) Fighting
 + Level 1.3(0.5) Short Blades
 + Level 6.6(5.7) Long Blades
 + Level 1.3(0.5) Axes
 + Level 1.3(0.5) Maces & Flails
 + Level 1.3(0.5) Polearms
 + Level 1.3(0.5) Staves
 + Level 1.3(0.5) Slings
 + Level 1.3(0.5) Bows
 + Level 1.3(0.5) Crossbows
 + Level 1.3(0.5) Throwing
 + Level 4.7(3.8) Armour
 + Level 2.8(2.0) Dodging
 + Level 1.3(0.5) Stealth
 + Level 1.3(0.5) Shields
 + Level 1.3(0.5) Unarmed Combat
 + Level 1.3(0.5) Spellcasting
 + Level 1.0(0.2) Conjurations
 + Level 1.0(0.2) Hexes
 + Level 1.0(0.2) Charms
 + Level 1.0(0.2) Summonings
 + Level 1.0(0.2) Necromancy
 + Level 1.0(0.2) Translocations
 + Level 1.0(0.2) Transmutations
 + Level 1.0(0.2) Fire Magic
 + Level 1.0(0.2) Ice Magic
 + Level 1.0(0.2) Air Magic
 + Level 1.0(0.2) Earth Magic
 + Level 1.0(0.2) Poison Magic
 + Level 1.4(0.6) Invocations
 + Level 1.3(0.5) Evocations


You had 6 spell levels left.
You didn't know any spells.

Dungeon Overview and Level Annotations

Branches:
Dungeon (3/15)

Altars:


Innate Abilities, Weirdness & Mutations

Your experience applies equally to all skills.
You have very sharp teeth.
Your uncanny sense of smell can sniff out nearby items.


Message History

The worker ant flickers and vanishes!
Deactivating autopickup; reactivate with Ctrl-A.
Xom thinks this is hilarious!
Something bites you but does no damage.
You miss something. Something bites you but does no damage.
You closely miss something. Something bites you.
You hit something. Something bites you.
You miss something. Your bite misses something. Something bites you.
* * * LOW HITPOINT WARNING * * *
It was a potion of curing.
You feel better.
Xom roars with laughter!
Something bites you. Something bites you but does no damage.
You feel better. Something bites you but does no damage.
You hit something but do no damage. Something bites you.
Something completely misses you.
You closely miss something. Something bites you.
You barely miss something. Something bites you!
* * * LOW HITPOINT WARNING * * *
Something bites you!
You die...

########
#......# ∆
+......#
####......#
#@{g.$....#
#+#g...(..#
#.....F#)†....#
#............##
#.....%......#
#............#
#............#
...###.......#
... .........


You could see 2 gnolls.

Vanquished Creatures
  Robin (D:2)
  2 gnolls (D:3)
  2 adders (D:2)
  An ooze (D:1)
  2 worms (D:2)
  2 dart slugs (D:1)
  3 leopard geckos
  4 bats
  2 giant cockroaches
  8 hobgoblins
  5 kobolds (D:1)
  2 quokkas
  A ball python (D:1)
  A frilled lizard (D:2)
  14 goblins
  8 rats
58 creatures vanquished.

Notes
Turn   | Place    | Note
-------+----------+-------------------------------------------
     0 | D:1      | Lanoc the Gnoll Chaos Knight began the quest for the Orb.
     0 | D:1      | Reached XP level 1. HP: 23/23 MP: 1/1
    30 | D:1      | Reached XP level 2. HP: 29/29 MP: 2/2
   154 | D:1      | XOM: silly message
   191 | D:1      | Reached XP level 3. HP: 30/35 MP: 3/3
   509 | D:1      | XOM: noise
   648 | D:2      | Reached skill level 1 in Invocations
   703 | D:2      | XOM: harmless Erth miscast
   729 | D:2      | Reached skill level 1 in Short Blades
   729 | D:2      | Reached skill level 1 in Axes
   729 | D:2      | Reached skill level 1 in Maces & Flails
   729 | D:2      | Reached skill level 1 in Polearms
   729 | D:2      | Reached skill level 1 in Staves
   729 | D:2      | Reached skill level 1 in Slings
   729 | D:2      | Reached skill level 1 in Bows
   729 | D:2      | Reached skill level 1 in Crossbows
   729 | D:2      | Reached skill level 1 in Throwing
   729 | D:2      | Reached skill level 1 in Stealth
   729 | D:2      | Reached skill level 1 in Shields
   729 | D:2      | Reached skill level 1 in Unarmed Combat
   729 | D:2      | Reached skill level 1 in Spellcasting
   729 | D:2      | Reached skill level 1 in Evocations
   808 | D:2      | Reached XP level 4. HP: 41/41 MP: 5/5
   826 | D:2      | Noticed Robin
  1206 | D:2      | Killed Robin
  1279 | D:2      | Reached skill level 1 in Conjurations
  1279 | D:2      | Reached skill level 1 in Hexes
  1279 | D:2      | Reached skill level 1 in Charms
  1279 | D:2      | Reached skill level 1 in Summonings
  1279 | D:2      | Reached skill level 1 in Necromancy
  1279 | D:2      | Reached skill level 1 in Translocations
  1279 | D:2      | Reached skill level 1 in Transmutations
  1279 | D:2      | Reached skill level 1 in Fire Magic
  1279 | D:2      | Reached skill level 1 in Ice Magic
  1279 | D:2      | Reached skill level 1 in Air Magic
  1279 | D:2      | Reached skill level 1 in Earth Magic
  1279 | D:2      | Reached skill level 1 in Poison Magic
  1519 | D:2      | XOM: harmless Tmut miscast
  1745 | D:3      | XOM: divination: detect creatures
  1752 | D:3      | Noticed a bullfrog
  1753 | D:3      | XOM: potion effect (curing)
  1754 | D:3      | Reached XP level 5. HP: 26/47 MP: 6/6
  1767 | D:3      | Slain by a worker ant

Vault maps used:
D:1:      mrwooster_arrival_statue
D:2:      fountainhead, uniq_robin

Skill      XL: |  1  2  3  4 |
---------------+-------------+-----
Invocations    | 1 |  1.4
Short Blades   | 1 |  1.3
Axes           | 1 |  1.3
Maces & Flails | 1 |  1.3
Polearms       | 1 |  1.3
Staves         | 1 |  1.3
Slings         | 1 |  1.3
Bows           | 1 |  1.3
Crossbows      | 1 |  1.3
Throwing       | 1 |  1.3
Stealth        | 1 |  1.3
Shields        | 1 |  1.3
Unarmed Combat | 1 |  1.3
Spellcasting   | 1 |  1.3
Evocations     | 1 |  1.3
Conjurations   | 1 |  1.0
Hexes          | 1 |  1.0
Charms         | 1 |  1.0
Summonings     | 1 |  1.0
Necromancy     | 1 |  1.0
Translocations | 1 |  1.0
Transmutations | 1 |  1.0
Fire Magic     | 1 |  1.0
Ice Magic      | 1 |  1.0
Air Magic      | 1 |  1.0
Earth Magic    | 1 |  1.0
Poison Magic   | 1 |  1.0
Fighting       | |  6.6
Long Blades    | |  6.6
Armour         | |  4.7
Dodging        | |  2.8

Action                   |  1- 3 |  4- 6 || total
-------------------------+-------+-------++-------
Melee: Falchion          |    80 |    61 ||   141
       Bite              |     5 |     8 ||    13
  Use: Scroll            |       |     3 ||     3
       Potion            |       |     2 ||     2
 Stab: Sleeping          |     1 |     1 ||     2
       Confused          |     1 |       ||     1
       Petrified         |       |     2 ||     2
       Paralysed         |       |     2 ||     2
  Eat: Chunk             |       |     3 ||     3
Armor: Leather armour    |    38 |    20 ||    58
       Animal skin       |       |    10 ||    10
Dodge: Dodged            |    51 |    29 ||    80
       Rpst.: Falchion   |    14 |    17 ||    31

Table legend:
 A = Spawn XP
 B = Non-spawn XP
 C = Spawn XP percentage of total XP
 D = Spawn monster count
 E = Non-spawn monster count
 F = Spawn count percentage of total count
 G = Total turns spent on level
                    A         B        C        D         E        F      G
               +---------+---------+-------+---------+---------+-------+---------
         Total |       0 |     178 |   0.0 |       0 |      58 |   0.0 |  1767
               +---------+---------+-------+---------+---------+-------+---------
           D:1 |       0 |      60 |   0.0 |       0 |      28 |   0.0 |   973
           D:2 |       0 |      87 |   0.0 |       0 |      27 |   0.0 |   769
           D:3 |       0 |      31 |   0.0 |       0 |       3 |   0.0 |    25
               +---------+---------+-------+---------+---------+-------+---------
